[Event "Late-Titled-Tuesday-Blitz-February-20-2024"]
[Site "Chess.com"]
[Date "2024.02.20"]
[Round "8"]
[White "Bryanl106"]
[Black "jk13"]
[Result "1-0"]
[WhiteElo "2538"]
[BlackElo "2688"]
[TimeControl "180+1"]
[EndTime "15:25:53 PST"]
[Termination "Bryanl106 won by resignation"]

1. e4 e5 2. Nf3 Nc6 3. Nc3 Nf6 4. a3 Bd6 5. Bc4 O-O 6. O-O h6 7. d3 Bc5 8. Be3 Bxe3 9. fxe3 d6 10. Qe1 Be6 11.
b3 d5 12. exd5 Nxd5 13. Nxd5 Bxd5 14. Bxd5 Qxd5 15. e4 Qd6 16. Kh1 g6 17. Qg3 Kh7 18.
Nh4 Rae8 19. Rf2 Nd8 20. Raf1 Qe7 21. Rf6 Rg8 22. Qe3 g5 23. Rxh6+ Kxh6 24. Nf5+ Kg6 25. Nxe7+ Rxe7 26. Qxa7 b6 27. Qa4 Ne6 28. Qc4 Nd4 29.
c3 Ne6 30. d4 exd4 31. cxd4 c5 32. d5 Nd4 33. Qd3 Rge8 34. e5+ Kg7 35. e6 fxe6 36. Qg3 Kg6 37. h4 Kh7 38. Qxg5 exd5 39. Rf6 Re1+ 40.
Kh2 Nf3+ 41. Rxf3 1-0

[Event "Late-Titled-Tuesday-Blitz-February-20-2024"]
[Site "Chess.com"]
[Date "2024.02.20"]
[Round "8"]
[White "Capablanca_Oujda_2021"]
[Black "karinachess1"]
[Result "0-1"]
[WhiteElo "2506"]
[BlackElo "2661"]
[TimeControl "180+1"]
[EndTime "15:26:04 PST"]
[Termination "karinachess1 won by resignation"]

1. e4 e5 2. Nf3 Nc6 3. Bc4 Nf6 4. Ng5 d5 5. exd5 Na5 6. Bb5+ c6 7. dxc6 bxc6 8. Qf3 cxb5 9. Qxa8 Be7 10. d3 O-O 11.
Qf3 Bb7 12. Qe2 Bxg2 13. Rg1 Bb7 14. Nc3 Nc6 15. Be3 Nd4 16. Bxd4 exd4 17. Nce4 Nxe4 18. Nxe4 Bb4+ 19. c3 dxc3 20. bxc3 Bxe4 21. cxb4 Bxd3 22. Qe5 Re8 23. Qxe8+ Qxe8+ 0-1

[Event "Late-Titled-Tuesday-Blitz-February-20-2024"]
[Site "Chess.com"]
[Date "2024.02.20"]
[Round "8"]
[White "kibromNNN"]
[Black "icaughtacrab"]
[Result "0-1"]
[WhiteElo "1733"]
[BlackElo "2053"]
[TimeControl "180+1"]
[EndTime "15:26:07 PST"]
[Termination "icaughtacrab won by resignation"]

1. d4 Nf6 2. c4 g6 3. Nc3 Bg7 4. e4 d6 5. Be2 O-O 6. Nf3 e5 7. d5 a5 8. Bg5 Na6 9. Nd2 h6 10. Be3 b6 11. O-O Nc5 12. b3 Ne8 13. a3 f5 14. f3 f4 15. Bf2 g5 16. b4 Nd7 17.
Nb3 h5 18. bxa5 bxa5 19. c5 a4 20. Nc1 Nxc5 21. Bxc5 dxc5 22. Nd3 Nf6 23. Nxc5 g4 24. Ne6 Bxe6 25. dxe6 Qe8 26. Bc4 Kh8 27. Nb5 Qe7 28.
Qc2 Rfd8 29. Rfd1 c6 30. Rxd8+ Rxd8 31. Nc3 Qc5+ 32. Qf2 Qxc4 33. Ne2 Qxe6 0-1

[Event "Late-Titled-Tuesday-Blitz-February-20-2024"]
[Site "Chess.com"]
[Date "2024.02.20"]
[Round "8"]
[White "ukchessbomber"]
[Black "ContrVersia"]
[Result "0-1"]
[WhiteElo "2618"]
[BlackElo "2864"]
[TimeControl "180+1"]
[EndTime "15:26:12 PST"]
[Termination "ContrVersia won by resignation"]

1. c4 Nf6 2. b3 g6 3. Bb2 Bg7 4. e3 O-O 5. Nf3 c6 6. Be2 d5 7.
O-O Bg4 8. h3 Bxf3 9. Bxf3 Nbd7 10. d4 e6 11. Nc3 a5 12. g3 Qb8 13. Qe2 Rc8 14. Rac1 Ne8 15. Rc2 Nd6 16. Rfc1 b5 17.
cxb5 cxb5 18. e4 b4 19. exd5 bxc3 20. dxe6 cxb2 21. Rxc8+ Nxc8 22. exf7+ Kxf7 23. Bd5+ Kf8 24. Re1 Nf6 25. Qe6 Ra7 26. Rb1 Re7 27. Qc6 Qc7 28. Qb5 Nd6 29. Qf1 Nxd5 30. Rxb2 Bxd4 31. Rd2 Bc3 32.
Re2 Rxe2 33. Qxe2 Qe7 34. Qd3 Qe1+ 35. Kg2 Qe4+ 0-1

[Event "Late-Titled-Tuesday-Blitz-February-20-2024"]
[Site "Chess.com"]
[Date "2024.02.20"]
[Round "8"]
[White "Tunahan_Makaraci"]
[Black "Malev212"]
[Result "1-0"]
[WhiteElo "2531"]
[BlackElo "2661"]
[TimeControl "180+1"]
[EndTime "15:26:16 PST"]
[Termination "Tunahan_Makaraci won by resignation"]

1. e4 c5 2. Nf3 d6 3. d4 cxd4 4. Nxd4 Nf6 5. Nc3 g6 6. Be3 Bg7 7. f3 a6 8. h4 h5 9. Bc4 Nbd7 10. Qe2 b5 11. Bb3 Nc5 12. O-O-O Bd7 13. Kb1 b4 14. Nd5 Nxb3 15. axb3 a5 16. Bg5 a4 17. Bxf6 exf6 18.
Qc4 O-O 19. Qxb4 axb3 20. Nxb3 f5 21. Qxd6 Ra7 22. exf5 gxf5 23. Ne7+ Kh7 24. Nc6 Ra6 25. Nxd8 1-0

[Event "Late-Titled-Tuesday-Blitz-February-20-2024"]
[Site "Chess.com"]
[Date "2024.02.20"]
[Round "8"]
[White "Bugcrusher"]
[Black "rcmz"]
[Result "1-0"]
[WhiteElo "2492"]
[BlackElo "2192"]
[TimeControl "180+1"]
[EndTime "15:26:16 PST"]
[Termination "Bugcrusher won by resignation"]

1. e4 a6 2. d4 b5 3. a4 b4 4. Bd3 e6 5. c3 Bb7 6. Nf3 Nf6 7.
Qe2 h6 8. e5 Nd5 9. c4 Ne7 10.
Nbd2 Nc8 11. Ne4 d5 12. Nc5 Bxc5 13. dxc5 dxc4 14. Bxc4 Nc6 15. Be3 N8e7 16. Rd1 Qc8 17. h4 Nf5 18. g4 Nxe3 19. Qxe3 Ne7 20. h5 Nd5 21. Bxd5 Bxd5 22. Rg1 Qb7 23. Nd4 O-O-O 24. g5 b3 25. Qc3 Qc6 26. Nxc6 1-0

[Event "Late-Titled-Tuesday-Blitz-February-20-2024"]
[Site "Chess.com"]
[Date "2024.02.20"]
[Round "8"]
[White "K_A_S_T_O_R"]
[Black "MrKGG1"]
[Result "1-0"]
[WhiteElo "2787"]
[BlackElo "2594"]
[TimeControl "180+1"]
[EndTime "15:26:18 PST"]
[Termination "K_A_S_T_O_R won by resignation"]

1. e4 e6 2. d4 d5 3. Nc3 Bb4 4. e5 Ne7 5. Bd2 b6 6. Bb5+ c6 7. Ba4 b5 8. Bb3 O-O 9. Nce2 Bxd2+ 10. Qxd2 Nd7 11. Nf3 c5 12. c3 a5 13. O-O Nc6 14. Rfe1 Ba6 15. Nf4 b4 16. Ba4 Rc8 17. Rac1 Nb6 18.
Bxc6 Nc4 19. Qc2 Rxc6 20. dxc5 Qb8 21. Nd4 Rxc5 22. cxb4 Qxb4 23. Nd3 Qb6 24. Nxc5 Qxc5 25. Qc3 Qb6 26. b3 Na3 27. Qc5 Qb4 28. Qxb4 axb4 29. Nc6 Nb5 30. Nxb4 Bb7 31. Red1 Rb8 32. a4 Na7 33.
Nd3 f6 34. b4 d4 35. b5 Bd5 36.
Rc7 Bb3 37. Rb1 Nc8 38. Rxb3 Nb6 1-0

[Event "Late-Titled-Tuesday-Blitz-February-20-2024"]
[Site "Chess.com"]
[Date "2024.02.20"]
[Round "8"]
[White "gahryman"]
[Black "mishanick"]
[Result "0-1"]
[WhiteElo "2707"]
[BlackElo "2995"]
[TimeControl "180+1"]
[EndTime "15:26:19 PST"]
[Termination "mishanick won on time"]

1. e4 c5 2. Nf3 d6 3. d4 cxd4 4. Qxd4 Nf6 5. e5 Nc6 6. Bb5 Nd7 7. Bxc6 bxc6 8. exd6 exd6 9. O-O Nf6 10. Bf4 Be7 11.
Rd1 d5 12. Ne5 Bb7 13. c4 O-O 14. cxd5 Nxd5 15. Nc3 Bf6 16. Nxd5 cxd5 17. Qb4 Qe7 18. Qxe7 Bxe7 19. Rac1 Rac8 20. Be3 a6 21. Nd7 Rfd8 22. Nc5 Rc7 23. b4 Bc8 24. Bd4 Rc6 25. Rc3 Bf8 0-1

[Event "Late-Titled-Tuesday-Blitz-February-20-2024"]
[Site "Chess.com"]
[Date "2024.02.20"]
[Round "8"]
[White "shirovin"]
[Black "maurovargas01"]
[Result "0-1"]
[WhiteElo "2077"]
[BlackElo "1876"]
[TimeControl "180+1"]
[EndTime "15:26:19 PST"]
[Termination "maurovargas01 won by checkmate"]

1. e4 c6 2. d4 d5 3. exd5 cxd5 4. c4 Nf6 5. Nc3 Bf5 6. Bg5 e6 7. cxd5 exd5 8. Bxf6 Qxf6 9. Nxd5 Qe6+ 10. Ne3 Bb4+ 11. Ke2 O-O 12. Nf3 Qa6+ 13. Nc4 Qxc4+ 14. Ke3 Re8+ 15.
Kf4 Bd6+ 16. Kg5 h6+ 17. Kh4 g5+ 18. Kh5 Qe6 19. Nxg5 Qg6+ 20. Kh4 Qxg5# 0-1

[Event "Late-Titled-Tuesday-Blitz-February-20-2024"]
[Site "Chess.com"]
[Date "2024.02.20"]
[Round "8"]
[White "DanielNaroditsky"]
[Black "prime-morty"]
[Result "1-0"]
[WhiteElo "3081"]
[BlackElo "2559"]
[TimeControl "180+1"]
[EndTime "15:26:22 PST"]
[Termination "DanielNaroditsky won by resignation"]

1. e4 d6 2. d4 Nf6 3. Nc3 e5 4. h4 Be7 5. h5 h6 6. Nf3 Nbd7 7.
Be2 c6 8. Be3 Qc7 9. a4 a5 10.
Nh4 exd4 11. Bxd4 Ne5 12. f4 Neg4 13. Nf5 Bxf5 14. exf5 c5 15. Bg1 d5 16. Bxg4 d4 17.
Nb5 Qxf4 18. Bf3 O-O 19. Qd2 Qxf5 20. O-O-O Nd5 21. Kb1 Bg5 22. Qd3 Qxd3 23. cxd3 Rad8 24. Bf2 Bf4 25. Rh4 Bb8 26. Re4 Nb4 27. Re7 b6 28. g4 Rfe8 29. Re4 Rxe4 30. Bxe4 Re8 31. Re1 Kf8 32.
Na3 Re6 33. Nc4 g6 34. hxg6 fxg6 35. Bh4 Bc7 36. Rf1+ Kg7 37. Be1 Rf6 38. Rh1 g5 39. Bxb4 axb4 40. Bf5 Rf7 41. Nd2 Re7 42. Ne4 Re8 43.
Kc2 Ra8 44. Kb3 Be5 45. Nd2 Re8 46. Re1 Kf8 47. Nc4 Bc7 48. Rxe8+ Kxe8 49. Nd2 Ke7 50.
Kc4 Kf6 51. Kd5 h5 52. Ne4+ Kg7 53. gxh5 Kh6 54. Bg4 1-0

[Event "Late-Titled-Tuesday-Blitz-February-20-2024"]
[Site "Chess.com"]
[Date "2024.02.20"]
[Round "8"]
[White "stollenmonster"]
[Black "ozates"]
[Result "1-0"]
[WhiteElo "2864"]
[BlackElo "2601"]
[TimeControl "180+1"]
[EndTime "15:26:29 PST"]
[Termination "stollenmonster won by resignation"]

1. e4 c5 2. Nf3 Nc6 3. Nc3 e5 4. Nd5 Nf6 5. Nxf6+ Qxf6 6. g3 d6 7. Bg2 g6 8. d3 Bg7 9. O-O h6 10. c3 O-O 11. Be3 Be6 12. h3 Rad8 13. c4 Qe7 14.
Nh4 Kh7 15. Kh2 f5 16. exf5 gxf5 17. f4 exf4 18. Bxf4 Bxb2 19. Qh5 Qg7 20. Rab1 Be5 21. Rxb7 Qxb7 22. Qg6+ Kh8 23. Qxe6 Nd4 24. Qxh6+ Qh7 25. Bxe5+ dxe5 26. Ng6+ Kg8 27. Bd5+ Rf7 28. Bxf7+ 1-0

[Event "Late-Titled-Tuesday-Blitz-February-20-2024"]
[Site "Chess.com"]
[Date "2024.02.20"]
[Round "8"]
[White "Kosak12"]
[Black "delqate"]
[Result "1-0"]
[WhiteElo "2804"]
[BlackElo "2527"]
[TimeControl "180+1"]
[EndTime "15:26:42 PST"]
[Termination "Kosak12 won by resignation"]

1. c4 c6 2. g3 d5 3. Bg2 Nf6 4. Nf3 Bf5 5. O-O e6 6. d3 h6 7. Qb3 Qb6 8. Be3 Qxb3 9. axb3 a6 10. Nc3 Nbd7 11. h3 Bc5 12. Bxc5 Nxc5 13. b4 Ncd7 14. b5 cxb5 15. cxd5 exd5 16. Nxb5 O-O 17. Nd6 Be6 18. Rfc1 b6 19. Nd4 a5 20. e4 dxe4 21.
dxe4 Nc5 22. Ra3 Nfd7 23. f4 Nf6 24. e5 Nd5 25. f5 1-0

[Event "Late-Titled-Tuesday-Blitz-February-20-2024"]
[Site "Chess.com"]
[Date "2024.02.20"]
[Round "8"]
[White "gmtalentoso"]
[Black "djano"]
[Result "0-1"]
[WhiteElo "2466"]
[BlackElo "2649"]
[TimeControl "180+1"]
[EndTime "15:26:44 PST"]
[Termination "djano won by resignation"]

1. e4 c5 2. Nf3 Nc6 3. Bb5 g5 4. Nxg5 Nf6 5. Nc3 Rg8 6. d3 h6 7. Nh3 Rxg2 8. Nf4 Rg8 9. Be3 Nd4 10. Bc4 d6 11. Bxd4 cxd4 12. Nce2 Bg4 13. Qd2 h5 14. O-O-O Bh6 15. Bb5+ Nd7 16. Rde1 Bxe2 17. Rxe2 e5 18. Kb1 Bxf4 19. Qd1 Qg5 20. Ree1 O-O-O 21. c4 Kb8 22. Qa4 Nc5 23. Qa3 a6 24. b4 Nxd3 25.
Qxd3 axb5 26. cxb5 Rc8 27. b6 Qd8 28. Qb5 Rc6 29. Rhg1 Rg4 30. Rxg4 hxg4 31. Qd5 Qxb6 32. a3 Qc7 0-1

[Event "Late-Titled-Tuesday-Blitz-February-20-2024"]
[Site "Chess.com"]
[Date "2024.02.20"]
[Round "8"]
[White "martinmena"]
[Black "OverallStranger"]
[Result "0-1"]
[WhiteElo "2196"]
[BlackElo "2358"]
[TimeControl "180+1"]
[EndTime "15:26:44 PST"]
[Termination "OverallStranger won on time"]

1. c4 e6 2. g3 d5 3. Bg2 c6 4.
d4 f5 5. Nf3 Nf6 6. O-O Bd6 7.
Nc3 O-O 8. Bg5 Qe8 9. e3 Ne4 10. Bf4 Bxf4 11. exf4 Bd7 12. c5 Qe7 13. Nxe4 fxe4 14. Ne5 Be8 15. h4 Nd7 16. b4 Nxe5 17.
dxe5 h6 18. f3 exf3 19. Qxf3 Bg6 20. Qe3 Bf5 21. a4 a6 22. Kh2 g5 23. fxg5 hxg5 24. hxg5 Kg7 25. Rh1 Kg6 26. g4 Bxg4 27. Kg3 Qxg5 28.
Qxg5+ Kxg5 29. Rag1 Bf5 30. Rh4 Rh8 31. Rxh8 Rxh8 32.
Kf2 Kf4 33. Bf3 Rh2+ 34. Bg2 Be4 0-1

[Event "Late-Titled-Tuesday-Blitz-February-20-2024"]
[Site "Chess.com"]
[Date "2024.02.20"]
[Round "8"]
[White "WilsonPalencia21"]
[Black "KaydenTroffChess"]
[Result "0-1"]
[WhiteElo "2541"]
[BlackElo "2813"]
[TimeControl "180+1"]
[EndTime "15:26:49 PST"]
[Termination "KaydenTroffChess won by resignation"]

1. d4 Nf6 2. Nf3 g6 3. c4 Bg7 4. Nc3 d5 5. Bg5 Ne4 6. cxd5 Nxg5 7. Nxg5 e6 8. Qd2 exd5 9. Qe3+ Kf8 10. Qf4 Bf6 11.
h4 Kg7 12. O-O-O h6 13. Nf3 Be6 14. g4 Nd7 15. e3 c5 16. dxc5 Nxc5 17. Nd4 Rc8 18.
Kb1 Qb6 19. Rc1 Ne4 20. Nxe4 Rxc1+ 21. Kxc1 Bxd4 22. exd4 Qxd4 23. Bg2 dxe4 24. Qxe4 Qxf2 25. Rf1 Qxh4 26. Qe5+ Kh7 27. Bxb7 Qxg4 28. Be4 Qg5+ 29.
Qxg5 hxg5 30. a3 Kg7 31. Kd2 Rh2+ 32. Kc3 f5 33. Bd3 g4 34. Rh1 Rxh1 0-1

[Event "Late-Titled-Tuesday-Blitz-February-20-2024"]
[Site "Chess.com"]
[Date "2024.02.20"]
[Round "8"]
[White "Fluffey"]
[Black "jinxy2009"]
[Result "1-0"]
[WhiteElo "2353"]
[BlackElo "2191"]
[TimeControl "180+1"]
[EndTime "15:26:51 PST"]
[Termination "Fluffey won on time"]

1. d4 Nf6 2. Bf4 d5 3. e3 c5 4. Nf3 Nc6 5. Nbd2 Qb6 6. dxc5 Qxb2 7. Rb1 Qc3 8. Bb5 Bf5 9. Nd4 Bd7 10. O-O e5 11.
Bxc6 exf4 12. Bxb7 Rd8 13. c6 Bg4 14. N2f3 fxe3 15.
Re1 Ne4 16. Rxe3 Qc5 17. c4 Bd6 18. cxd5 f5 19. Ne6 Bxf3 20. gxf3 1-0

[Event "Late-Titled-Tuesday-Blitz-February-20-2024"]
[Site "Chess.com"]
[Date "2024.02.20"]
[Round "8"]
[White "Atousa"]
[Black "jamengrand"]
[Result "0-1"]
[WhiteElo "2448"]
[BlackElo "2360"]
[TimeControl "180+1"]
[EndTime "15:26:54 PST"]
[Termination "jamengrand won by resignation"]

1. e4 c5 2. Nf3 Nc6 3. d4 cxd4 4. Nxd4 g6 5. c4 Bg7 6. Be3 Nf6 7. Nc3 O-O 8. Be2 d6 9. O-O Bd7 10. Qd2 Nxd4 11.
Bxd4 Bc6 12. f3 a5 13. b3 Nd7 14. Be3 Nc5 15. Rab1 Be5 16. a3 e6 17. b4 axb4 18.
axb4 Ra3 19. Nb5 Nb3 20. Qd1 Bxb5 21. cxb5 Na1 22. Bd4 Bxd4+ 23. Qxd4 Nc2 24. Qb2 Qb6+ 25. Kh1 Rc8 26. Rfc1 Rac3 27. Bd1 Qf2 28. h3 h5 29. Kh2 h4 30. Ra1 Qg3+ 31. Kg1 Qe1+ 32. Kh2 Ne3 33. Rxc3 Nf1+ 34. Kg1 Ng3+ 0-1

[Event "Late-Titled-Tuesday-Blitz-February-20-2024"]
[Site "Chess.com"]
[Date "2024.02.20"]
[Round "8"]
[White "HamedWafa4"]
[Black "Zq1"]
[Result "1-0"]
[WhiteElo "2721"]
[BlackElo "2491"]
[TimeControl "180+1"]
[EndTime "15:26:56 PST"]
[Termination "HamedWafa4 won by resignation"]

1. e4 c5 2. Nf3 d5 3. exd5 Qxd5 4. Nc3 Qd8 5. d4 cxd4 6. Nxd4 a6 7. Bf4 f6 8. Bd3 e5 9. Qh5+ g6 10. Bxg6+ hxg6 11. Qxh8 Kf7 12. Bxe5 Bg7 13. Qh4 Qe7 14. Nf3 fxe5 15.
Ng5+ Ke8 16. O-O-O Bf6 17. f4 Bxg5 18. fxg5 Be6 19.
Rhe1 Nc6 20. Ne4 Rd8 21. Qh8 Rxd1+ 22. Rxd1 Nd4 23. Nf6+ Kf8 24. Rf1 Nf5 25. g4 Qb4 26. gxf5 Qc4 27. Rd1 1-0

[Event "Late-Titled-Tuesday-Blitz-February-20-2024"]
[Site "Chess.com"]
[Date "2024.02.20"]
[Round "8"]
[White "davigator"]
[Black "rdarruda"]
[Result "1/2-1/2"]
[WhiteElo "2415"]
[BlackElo "2533"]
[TimeControl "180+1"]
[EndTime "15:26:56 PST"]
[Termination "Game drawn by repetition"]

1. e4 c5 2. Nf3 Nc6 3. d4 cxd4 4. Nxd4 e5 5. Nb5 a6 6. Nd6+ Bxd6 7. Qxd6 Qe7 8. Qd1 Nf6 9. Nc3 d6 10. Bg5 Be6 11. Bd3 O-O 12. O-O h6 13. Bh4 g5 14.
Bg3 Rac8 15. f3 Rfd8 16. Bf2 Nb4 17. Bb6 Rd7 18. Qe2 Nxd3 19. cxd3 d5 20. Rfd1 d4 21. Nb1 Qb4 22. Ba7 b6 23. a3 Qc5 24. b4 Qc7 25.
Bxb6 Qxb6 26. Nd2 Rc2 27. Rdc1 Rdc7 28. Qd1 Rxc1 29. Rxc1 Rc3 30. Nb1 Rxc1 31. Qxc1 Ne8 32. Nd2 Qc7 33. Qxc7 Nxc7 34. a4 Bd7 35. a5 Bb5 36. Nc4 Bxc4 37. dxc4 Kf8 38. Kf2 Ke7 39. Ke2 Kd6 40. Kd3 Kc6 41. g3 Ne6 42. Kc2 Ng7 43. Kb3 f5 44. exf5 Nxf5 45. Kc2 Ne3+ 46.
Kd3 Nf1 47. f4 exf4 48. gxf4 gxf4 49. Kxd4 Nxh2 50. Ke4 f3 51. Ke3 h5 52. Kf2 h4 53.
Ke3 h3 54. Kf2 Ng4+ 55. Kxf3 h2 56. Kg2 Kb7 57. b5 Ka7 58. Kh1 Kb7 59. Kg2 Ka7 60. Kh1 Kb7 61. Kg2 1/2-1/2

[Event "Late-Titled-Tuesday-Blitz-February-20-2024"]
[Site "Chess.com"]
[Date "2024.02.20"]
[Round "8"]
[White "cukricek"]
[Black "vrekhson"]
[Result "0-1"]
[WhiteElo "2446"]
[BlackElo "2363"]
[TimeControl "180+1"]
[EndTime "15:26:56 PST"]
[Termination "vrekhson won by resignation"]

1. g3 d5 2. Nf3 Nf6 3. Bg2 c5 4. O-O e6 5. d4 Nc6 6. c4 cxd4 7.
Nxd4 Be7 8. Nc3 O-O 9. Bg5 h6 10. Bxf6 Bxf6 11. e3 Qb6 12. cxd5 Nxd4 13. exd4 Qxb2 14.
Rc1 exd5 15. Bxd5 Rd8 16. Qh5 Be6 17. Bxe6 fxe6 18. Nb5 Rd5 19. Qg4 Qxb5 20. Qxe6+ Kh7 21. Rc7 Rf8 22. Qe4+ Kh8 23. Rfc1 Rxd4 24. Qg6 Rd7 25.
Rc8 Rd1+ 26. Kg2 Qd5+ 27. f3 Rd2+ 28. Kh3 Qe6+ 0-1

[Event "Late-Titled-Tuesday-Blitz-February-20-2024"]
[Site "Chess.com"]
[Date "2024.02.20"]
[Round "8"]
[White "mbojan"]
[Black "LiemLe"]
[Result "0-1"]
[WhiteElo "2907"]
[BlackElo "3050"]
[TimeControl "180+1"]
[EndTime "15:26:57 PST"]
[Termination "LiemLe won by resignation"]

1. e4 c5 2. Nf3 Nc6 3. Bb5 g6 4. O-O Bg7 5. c3 Nf6 6. Re1 O-O 7. d4 d5 8. e5 Ne4 9. Bxc6 bxc6 10. Be3 Qb6 11. Qc1 c4 12. Nbd2 Nxd2 13. Nxd2 Bf5 14.
b3 Bd3 15. b4 a5 16. a3 Ra7 17.
Qb2 Rfa8 18. Nf3 Ra6 19. Rec1 Qa7 20. b5 Rb6 21. a4 cxb5 22. axb5 Qb7 23. Ne1 Rxb5 24. Qd2 Bf5 25. Bh6 a4 26. h3 a3 27. g4 Bb1 28. Qf4 a2 29. Nf3 Rb6 30. Bxg7 Kxg7 31. Ng5 f6 32. exf6+ exf6 33. Nf3 Re8 34. Kg2 Re2 35. g5 Qe7 36. h4 Be4 37. Kg3 Bxf3 38. Qxf3 fxg5 39. hxg5 Qxg5+ 40. Kh2 Re4 41.
Rxa2 Rh4+ 0-1

[Event "Late-Titled-Tuesday-Blitz-February-20-2024"]
[Site "Chess.com"]
[Date "2024.02.20"]
[Round "8"]
[White "Mikhail_Golubev"]
[Black "scandalgod"]
[Result "0-1"]
[WhiteElo "2601"]
[BlackElo "2502"]
[TimeControl "180+1"]
[EndTime "15:26:59 PST"]
[Termination "scandalgod won by resignation"]

1. e4 e5 2. Nf3 Nc6 3. Bc4 Nf6 4. Ng5 d5 5. exd5 Na5 6. Bb5+ c6 7. dxc6 bxc6 8.
Bd3 Nd5 9. Nf3 Bd6 10. O-O Nf4 11. Re1 Nxd3 12. cxd3 O-O 13. Nc3 Re8 14. b3 c5 15. Ne4 Bf8 16. Ba3 Nc6 17. Rc1 Nb4 18.
Bxb4 cxb4 19. d4 exd4 20. d3 Bb7 21. Rc4 Qb6 22. Rxd4 f5 23. Ned2 Bc5 24. Nc4 Bxf3 0-1

[Event "Late-Titled-Tuesday-Blitz-February-20-2024"]
[Site "Chess.com"]
[Date "2024.02.20"]
[Round "8"]
[White "Charodej1"]
[Black "Cristi_Coca"]
[Result "0-1"]
[WhiteElo "2223"]
[BlackElo "2373"]
[TimeControl "180+1"]
[EndTime "15:27:00 PST"]
[Termination "Cristi_Coca won by resignation"]

1. e4 c5 2. Nf3 e6 3. c3 d5 4. exd5 Qxd5 5. d4 Nf6 6. Na3 Nc6 7. Bc4 Qd8 8. Nc2 Be7 9. O-O O-O 10. Bg5 cxd4 11. Ncxd4 Nxd4 12. Nxd4 a6 13. Qf3 Qc7 14. Bd3 h6 15. Bh4 Bd7 16. Bg3 Qb6 17. Qe2 Rfd8 18.
Rad1 Rac8 19. Kh1 Be8 20. f4 Bf8 21. f5 exf5 22. Bxf5 Rc5 23. Bh4 Bb5 24. Bd3 Bxd3 25. Rxd3 Re8 26. Qf2 Be7 27. Nf5 Ng4 28. Qg3 Rxf5 29.
Rxf5 Bxh4 0-1

[Event "Late-Titled-Tuesday-Blitz-February-20-2024"]
[Site "Chess.com"]
[Date "2024.02.20"]
[Round "8"]
[White "JaackCamel"]
[Black "mjelcic"]
[Result "0-1"]
[WhiteElo "2182"]
[BlackElo "2248"]
[TimeControl "180+1"]
[EndTime "15:27:01 PST"]
[Termination "mjelcic won by resignation"]

1. d4 b6 2. e4 Bb7 3. Bd3 e6 4. c4 c5 5. d5 exd5 6. cxd5 Nf6 7. Nc3 Bd6 8. Nf3 O-O 9. O-O Ng4 10. Bg5 f6 11. Bh4 a6 12. a4 Qc7 13. Bg3 Bxg3 14.
hxg3 d6 15. b3 Nd7 16. Qc2 Nge5 17. Ne2 Rae8 18. Rac1 Nxf3+ 19. gxf3 Ne5 20. Kg2 Bc8 21. Rh1 Qf7 22. Nf4 Nxd3 23. Qxd3 f5 24. Rce1 fxe4 25.
fxe4 g5 26. Nh3 Bxh3+ 27. Kxh3 g4+ 28. Kxg4 Qg6+ 29. Kh3 Rxf2 30. g4 Ref8 31. Re3 Qh6+ 32. Kg3 Qxh1 0-1

[Event "Late-Titled-Tuesday-Blitz-February-20-2024"]
[Site "Chess.com"]
[Date "2024.02.20"]
[Round "8"]
[White "NoHeThTo"]
[Black "ckgchess"]
[Result "1-0"]
[WhiteElo "2651"]
[BlackElo "2868"]
[TimeControl "180+1"]
[EndTime "15:27:02 PST"]
[Termination "NoHeThTo won on time"]

1. c4 g6 2. g3 Bg7 3. Bg2 Nf6 4.
Nf3 O-O 5. O-O c6 6. d4 d5 7. b3 Bf5 8. Bb2 Nbd7 9. Nbd2 a5 10. Re1 a4 11. Nh4 Be6 12. e4 dxe4 13. Nxe4 Nxe4 14.
Bxe4 Qa5 15. Qc2 Nf6 16. Bc3 Qa7 17. Bg2 Rfd8 18. Rad1 axb3 19. axb3 Qa2 20. Bb2 Qa5 21. Bc3 Qb6 22. Qb2 Qc7 23. Nf3 Bg4 24. h3 Bxf3 25. Bxf3 Ne8 26. h4 e6 27. h5 Rd7 28.
hxg6 hxg6 29. Ra1 1-0

[Event "Late-Titled-Tuesday-Blitz-February-20-2024"]
[Site "Chess.com"]
[Date "2024.02.20"]
[Round "8"]
[White "Viktor_Poddubnyi"]
[Black "pfalcon1949"]
[Result "0-1"]
[WhiteElo "2247"]
[BlackElo "2018"]
[TimeControl "180+1"]
[EndTime "15:27:03 PST"]
[Termination "pfalcon1949 won on time"]

1. e4 e6 2. d4 d5 3. Nd2 Nc6 4.
Ngf3 Nf6 5. e5 Nd7 6. Nb3 f6 7. Bb5 fxe5 8. dxe5 Be7 9. Bxc6 bxc6 10. Nbd4 Nb6 11.
Nxc6 Qd7 12. Nxe7 Qxe7 13. O-O O-O 14. b3 c5 15. a4 a5 16. Ba3 Bb7 17. Qd2 h6 18.
Qe3 Rac8 19. Rad1 Rf5 20. Qc3 Qf7 21. Qxa5 Nd7 22. Qd2 Rxf3 23. gxf3 Nxe5 24. Qe2 Nxf3+ 25. Kh1 d4 0-1

[Event "Late-Titled-Tuesday-Blitz-February-20-2024"]
[Site "Chess.com"]
[Date "2024.02.20"]
[Round "8"]
[White "Goryachkina"]
[Black "Shankland"]
[Result "1/2-1/2"]
[WhiteElo "2709"]
[BlackElo "2932"]
[TimeControl "180+1"]
[EndTime "15:27:04 PST"]
[Termination "Game drawn by repetition"]

1. e4 c5 2. Nf3 d6 3. Bb5+ Bd7 4. Bxd7+ Nxd7 5. c3 Ngf6 6. Qe2 e6 7. d4 Be7 8.
O-O O-O 9. e5 Nd5 10. c4 N5b6 11. dxc5 dxc5 12. Nc3 Qc7 13. Bf4 Qc6 14. Ne4 Rfd8 15. b3 Nf8 16. h4 Rd7 17. h5 h6 18.
Nh2 Nh7 19. Rae1 Rad8 20. Qg4 Kh8 21. Re3 Rd4 22. Rfe1 Nd7 23. Rg3 Bg5 24. Bxg5 Nxg5 25. Nxg5 Rxg4 26. Nxf7+ Kg8 27. Nxd8 Qc8 28. Nxg4 Qxd8 29.
Rd1 Kh7 30. Rgd3 Qg5 31. Rxd7 Qxg4 32. f3 Qxh5 33. Rxb7 Qxe5 34. Rdd7 Qe1+ 35. Kh2 Qh4+ 36. Kg1 Qe1+ 37. Kh2 Qh4+ 38. Kg1 Qe1+ 1/2-1/2

[Event "Late-Titled-Tuesday-Blitz-February-20-2024"]
[Site "Chess.com"]
[Date "2024.02.20"]
[Round "8"]
[White "yuriydovzik"]
[Black "AndresDelgado77"]
[Result "0-1"]
[WhiteElo "2163"]
[BlackElo "2276"]
[TimeControl "180+1"]
[EndTime "15:27:05 PST"]
[Termination "AndresDelgado77 won on time"]

1. Nf3 Nf6 2. g3 g6 3. Bg2 Bg7 4. c4 O-O 5. O-O d6 6. d4 c6 7. Nc3 Qb6 8. b3 Qa6 9. Bb2 b5 10. cxb5 cxb5 11. Re1 b4 12. Nb1 Bb7 13. Nbd2 Ne4 14.
Nxe4 Bxe4 15. e3 Qb7 16. Rc1 Nd7 17. Nh4 Bxg2 18. Nxg2 Rfc8 19. Qd2 Nf6 20. Rxc8+ Rxc8 21. Rc1 Ne4 22. Qd1 Ng5 23. Rxc8+ Qxc8 24. h4 Ne4 25. Nf4 Qa6 26. Qb1 f5 27. Nd3 Qb7 0-1

[Event "Late-Titled-Tuesday-Blitz-February-20-2024"]
[Site "Chess.com"]
[Date "2024.02.20"]
[Round "8"]
[White "Inepton_Fermion"]
[Black "noblerone"]
[Result "1-0"]
[WhiteElo "2406"]
[BlackElo "2500"]
[TimeControl "180+1"]
[EndTime "15:27:07 PST"]
[Termination "Inepton_Fermion won by resignation"]

1. Nf3 d5 2. b3 Nf6 3. Bb2 Bg4 4.
d3 Nbd7 5. Nbd2 e6 6. h3 Bh5 7. e4 c6 8. Be2 a5 9. e5 Ng8 10. a4 Ne7 11. O-O c5 12. c4 d4 13. Nxd4 cxd4 14.
Bxh5 Nc6 15. f4 g6 16. Bf3 Nb4 17. Ne4 Nc5 18. Nf6+ Ke7 19. Ba3 Bg7 20. Ne4 b6 21.
Bxb4 axb4 22. Nxc5 bxc5 23. Bxa8 Qxa8 24. Qf3 Qa6 25.
g4 h5 26. f5 Bxe5 27. fxg6 f6 28. gxh5 Qc8 29. Ra2 Kf8 30. Re2 Kg7 31. Rxe5 fxe5 32. Qf6+ Kh6 33. g7+ Kh7 34. Qg6+ 1-0